 Dungeon Crawl Stone Soup version 0.29-a0-1033-gb6c65ffae6 (webtiles) character file.

Game seed: 15886364027772492029

11 purpskrrrp the Trooper (level 2, 0/24 HPs)
             Began as a Demonspawn Abyssal Knight on Aug 15, 2022.
             Was a Believer of Lugonu.
             Slain by a hobgoblin (2 damage)
             ... on level 1 of the Dungeon.
             The game lasted 00:02:39 (102 turns).

purpskrrrp the Trooper (Demonspawn Abyssal Knight)   Turns: 102, Time: 00:02:39

Health: 0/24       AC:  3    Str: 13    XL:     2   Next: 17%
Magic:  4/4        EV: 11    Int: 11    God:    Lugonu [**....]
Gold:   29         SH:  0    Dex: 13    Spells: 1/1 levels left

rFire   . . .      SeeInvis .   a - +1 falchion
rCold   . . .      Faith    .   (no shield)
rNeg    . . .      Spirit   .   b - +0 leather armour
rPois   .          Reflect  .   (no helmet)
rElec   .          Harm     .   (no cloak)
rCorr   .          Rampage  .   (no gloves)
Will    .....                   (no boots)
Stlth   +.........              (no amulet)
HPRegen 0.08/turn               (no ring)
MPRegen 0.09/turn               (no ring)

@: mighty
A: sturdy frame 1
a: Renounce Religion, Depart the Abyss, Bend Space


You were on level 1 of the Dungeon.
You worshipped Lugonu.
Lugonu was pleased with you.
You visited 1 branch of the dungeon, and saw 1 of its levels.
You visited the Abyss 1 time.

You collected 29 gold pieces.

Inventory:

Hand Weapons
 a - a +1 falchion (weapon)
Armour
 b - a +0 leather armour (worn)
Potions
 d - a potion of curing {unknown}


   Skills:
 + Level 3.1 Fighting
 * Level 2.0 Long Blades
 + Level 1.8 Armour
 + Level 1.1 Dodging
 + Level 0.2 Unarmed Combat
 * Level 2.8 Invocations


You had one spell level left.
You didn't know any spells.
Your spell library was empty.

Dungeon Overview and Level Annotations

Branches:
Dungeon (1/15)

Altars:


Innate Abilities, Weirdness & Mutations

Your movements are slightly less encumbered by armour. (ER -2)


Message History

There is an open door here.
Okay, then.
A ball python comes into view.
A ball python and a jackal come into view.
The jackal barks!
A jackal comes into view.
The ball python hisses angrily.
The jackal barks!
A jackal comes into view.
Okay, then.
You aren't carrying any scrolls.
It was a potion of might.
You feel very mighty all of a sudden.
The jackal bites you but does no damage.
The jackal barely misses you.
You slash the kobold!
You kill the kobold!
Lugonu accepts your kill. The jackal barely misses you.
Your Long Blades skill increases to level 2!
You slash the jackal!
You kill the jackal!
Lugonu accepts your kill.
The jackal bites you but does no damage.
You have reached level 2!
Your demonic ancestry asserts itself...
You feel less encumbered by your armour.
You slash the jackal!
You kill the jackal!
Lugonu accepts your kill. The jackal bites you.
* * * LOW HITPOINT WARNING * * *
You hit the jackal.
The jackal is almost dead.
The jackal bites you but does no damage.
You slash the jackal!
You kill the jackal!
Lugonu accepts your kill. The hobgoblin barely misses you.
You closely miss the hobgoblin. The hobgoblin hits you.
You die...

#S. #.# #S# #...# #.##
#...# #..# #...#
###.######S.## +...+
....h..SS....# ####...#
###+###g##...## ..##...#
#....##@#.....#
..##...###....##)##....#
).''...'...............#
†.##...###.............#
..###### #.....####....#
..# #.....####...##
..########.......##...#
..#..........#...#...##
###..........#..##...#


You could see a hobgoblin and 2 ball pythons.

Vanquished Creatures
  2 giant cockroaches (D:1)
  A goblin (D:1)
  3 jackals (D:1)
  A frilled lizard (D:1)
  3 kobolds (D:1)
10 creatures vanquished.

Notes
Turn   | Place    | Note
-------+----------+-------------------------------------------
     0 | Abyss:1  | purpskrrrp the Demonspawn Abyssal Knight began the quest
                  | for the Orb.
     0 | Abyss:1  | Reached XP level 1. HP: 18/18 MP: 2/2
     5 | Abyss:1  | Found a corrupted altar of Lugonu.
    11 | D:1      | Escaped the Abyss
    69 | D:1      | Reached skill level 1 in Dodging
    99 | D:1      | Gained mutation: Your movements are slightly less
                  | encumbered by armour. (ER -2) [demonic ancestry]
    99 | D:1      | Reached XP level 2. HP: 4/24 MP: 4/4
   102 | D:1      | Slain by a hobgoblin

Illustrated notes

Levels and vault maps discovered:
D:1:      eino_arrival_water_cross, layout_basic,
          hellmonk_ecumenical_altar_zigzags

Skill      XL: |  1 |
---------------+----+-----
Dodging        | 1 |  1.1
Long Blades    | 2 |  2.0
Fighting       | |  3.1
Armour         | |  1.8
Unarmed Combat | |  0.2
Invocations    | |  2.8

Action                   || total
-------------------------++-------
Melee: Falchion          ||    20
       Punch             ||     1
Invok: Bend Space        ||     1
  Use: Potion            ||     1
Armor: Leather armour    ||     8
Dodge: Dodged            ||    17

Table legend: (Time is in decaauts)
 A = Elapsed time spent in this place.
 B = Non-inter-level travel time spent in this place.
 C = Inter-level travel time spent in this place.
 D = Time resting spent in this place.
 E = Time spent auto-exploring this place.
 F = Levels seen in this place.
 G = Mean time per level.
                   A        B        C        D        E       F      G
               +--------+--------+--------+--------+--------+-----+--------+
         Total |    105 |    105 |      0 |      0 |     36 |   2 |   52.5 |
       Dungeon |     94 |     94 |      0 |      0 |     31 |   1 |   94.0 |
         Abyss |     11 |     11 |      0 |      0 |      5 |   1 |   11.0 |
               +--------+--------+--------+--------+--------+-----+--------+

Top non-repeatable levels by time:
     D:1: 94 daAuts
 Abyss:1: 11 daAuts
